Map: Hard Lead LE

Players

ONSYDESolar (Solar)

  • Race: Zerg Zerg
  • League: Master
  • Spawn Location: 11:00

Creator - Winner!

  • Race: Protoss Protoss
  • Spawn Location: 5:00

VOD

Have the link to the VOD?

Description

Time

  • Played on: Nov. 27, 2023, 5:54 a.m.
  • Length: 11:31
Show
View Real Time Build Order
Export as new Build Order

ONSYDESolar Zerg 

Build Orders: Hatch First, Lurkers, Roach Hydra 

Get SALT Encoding   

  12  0:00  Drone  
  13  0:12  Overlord  
  13  0:17  Drone  
  14  0:39  Drone  
  15  0:45  Drone x2  
  17  0:54  Hatchery  
  17  0:56  Drone  
  17  1:02  Drone  
  18  1:10  Extractor  
  17  1:15  Spawning Pool  
  17  1:17  Drone  
  17  1:22  Drone  
  18  1:33  Drone  
  19  1:44  Drone  
  20  1:56  Overlord  
  20  2:02  Queen  
  20  2:05  Queen  
  20  2:06  Zergling x4  
  26  2:16  Drone x2  
  26  2:17  Metabolic Boost  
  28  2:28  Drone x2  
  30  2:39  Hatchery  
  30  2:41  Zergling x2  
  30  2:47  Queen  
  32  2:51  Drone  
  32  2:54  Spore Crawler  
  32  2:56  Spore Crawler  
  32  2:59  Overlord  
  32  3:01  Zergling x2  
  32  3:03  Zergling x4  
  36  3:17  Queen  
  36  3:18  Drone x3  
  42  3:20  Drone  
  40  3:28  Drone x2  
  40  3:32  Spore Crawler  
  39  3:37  Drone  
  40  3:41  Drone  
  40  3:42  Queen  
  40  3:45  Drone  
  44  3:49  Overlord  
  44  3:53  Drone  
  42  3:58  Drone  
  42  4:00  Drone  
  43  4:03  Drone x2  
  43  4:05  Drone  
  43  4:07  Drone  
  43  4:09  Drone  
  48  4:13  Drone  
  48  4:16  Queen  
  51  4:20  Overlord  
  51  4:24  Spore Crawler  
  51  4:25  Extractor  
  51  4:26  Drone  
  51  4:27  Drone  
  51  4:30  Drone x2  
  53  4:33  Overlord  
  53  4:35  Overlord  
  54  4:44  Drone x3, Spore Crawler  
  56  4:47  Drone x2  
  56  4:52  Overlord  
  58  4:53  Drone x2  
  58  4:57  Queen  
  62  5:01  Drone  
  62  5:02  Drone x2  
  62  5:06  Drone x2  
  67  5:07  Drone  
  67  5:09  Drone  
  67  5:11  Drone  
  67  5:13  Overlord  
  70  5:17  Zergling x2  
  70  5:18  Zergling x6  
  74  5:22  Lair  
  74  5:28  Roach Warren  
  73  5:31  Drone x4  
  73  5:35  Drone x3  
  75  5:38  Drone x2  
  75  5:42  Drone, Extractor  
  77  5:43  Drone, Extractor  
  77  5:44  Drone  
  77  5:46  Overlord  
  77  5:49  Drone x2  
  80  5:50  Drone  
  80  5:51  Drone  
  80  5:56  Drone  
  83  5:58  Extractor  
  83  5:59  Zergling x8, Extractor  
  84  6:04  Drone  
  84  6:06  Extractor  
  84  6:07  Evolution Chamber  
  84  6:08  Drone x4  
  84  6:10  Drone x2  
  89  6:12  Overlord  
  89  6:15  Drone  
  89  6:20  Spore Crawler  
  87  6:25  Drone  
  87  6:26  Drone x2  
  87  6:30  Drone  
  87  6:31  Glial Reconstitution  
  87  6:32  Drone  
  90  6:33  Overseer, Zerg Missile Weapons Level 1  
  90  6:35  Drone  
  90  6:39  Hatchery  
  90  6:41  Roach x4  
  90  6:44  Overlord  
  90  6:46  Infestation Pit  
  97  6:50  Overlord  
  97  6:51  Overlord  
  97  6:53  Roach x3  
  103  6:58  Overlord  
  103  6:59  Roach  
  105  7:01  Zergling x2  
  105  7:03  Roach  
  105  7:05  Ravager x3  
  105  7:07  Overlord  
  112  7:10  Roach  
  112  7:11  Roach x3  
  112  7:13  Hatchery  
  118  7:16  Roach x2  
  118  7:17  Roach  
  118  7:20  Overlord  
  118  7:22  Zergling x8  
  127  7:26  Hydralisk Den  
  127  7:27  Drone  
  127  7:29  Overlord  
  127  7:30  Hive  
  127  7:38  Extractor, Roach  
  127  7:39  Roach x4  
  127  7:41  Overlord, Ravager  
  136  7:45  Overlord  
  136  7:50  Zergling x2  
  137  7:51  Overlord x2  
  137  7:57  Overlord  
  137  8:04  Zergling x10  
  137  8:05  Zergling x8, Lurker Den  
  146  8:07  Drone  
  146  8:13  Drone x2  
  146  8:15  Drone  
  149  8:20  Pneumatized Carapace  
  149  8:22  Drone x3  
  149  8:23  Overlord  
  149  8:25  Drone x2  
  153  8:28  Zergling x6  
  153  8:30  Drone  
  153  8:31  Overseer  
  158  8:34  Drone  
  158  8:36  Drone  
  158  8:40  Overlord  
  159  8:41  Drone  
  159  8:43  Drone  
  159  8:47  Zerg Missile Weapons Level 2  
  161  8:52  Overlord, Grooved Spines  
  161  8:54  Extractor  
  161  8:55  Hydralisk x7  
  174  9:03  Seismic Spines  
  174  9:08  Hydralisk x2  
  178  9:11  Overseer  
  178  9:13  Zergling x8  
  182  9:24  Hatchery  
  179  9:32  Lurker x5  
  179  9:36  Lurker  
  183  9:42  Muscular Augments  
  183  9:44  Viper  
  185  9:46  Zergling x8  
  185  9:47  Zergling x6  
  185  9:49  Overseer  
  192  9:54  Hydralisk  
  186  10:00  Zergling x28, Adaptive Talons  
  183  10:09  Hydralisk x2  
  170  10:16  Lurker x3  
  170  10:20  Drone x3, Spore Crawler  
  174  10:22  Hydralisk x3  
  174  10:23  Zergling x14  
  174  10:24  Zergling x4  
  174  10:26  Spore Crawler  
  174  10:27  Roach x2  
  174  10:28  Queen x2  
  184  10:31  Roach x6  
  182  10:38  Roach x5  
  182  10:39  Queen  
  147  10:50  Hydralisk x5  
  147  10:55  Roach x2  
  140  11:03  Roach x5  
Show
View Real Time Build Order
Export as new Build Order

Creator Protoss - Winner!

Build Orders: 1 Gate Expand, Oracle Opening 

Get SALT Encoding   

  12  0:00  Probe  
  13  0:13  Pylon  
  13  0:17  Probe (Chrono Boost)  
  14  0:27  Probe (Chrono Boost)  
  15  0:32  Probe (Chrono Boost)  
  16  0:38  Gateway  
  16  0:43  Probe  
  16  0:47  Assimilator  
  17  0:56  Probe  
  18  1:08  Probe  
  19  1:20  Probe  
  20  1:28  Nexus  
  20  1:36  Cybernetics Core  
  20  1:38  Probe  
  21  1:43  Assimilator  
  21  1:50  Probe  
  21  1:52  Pylon  
  22  2:02  Probe  
  23  2:10  Adept (Chrono Boost)  
  23  2:15  Probe  
  26  2:18  Stargate  
  26  2:27  Warp Gate, Probe  
  27  2:30  Adept (Chrono Boost)  
  29  2:39  Probe (Chrono Boost)  
  31  2:44  Probe (Chrono Boost)  
  31  2:49  Probe (Chrono Boost)  
  33  2:52  Adept, Probe (Chrono Boost)  
  35  3:01  Oracle (Chrono Boost), Probe  
  35  3:03  Probe  
  40  3:09  Pylon  
  40  3:13  Probe  
  40  3:15  Probe  
  42  3:22  Adept  
  44  3:30  Probe x2  
  44  3:41  Gateway  
  46  3:43  Void Ray (Chrono Boost), Probe x2  
  48  3:58  Probe x2  
  50  4:02  Assimilator  
  50  4:04  Assimilator  
  50  4:06  Pylon  
  50  4:07  Pylon  
  50  4:10  Oracle (Chrono Boost)  
  50  4:16  Probe  
  54  4:21  Nexus  
  54  4:24  Probe  
  55  4:27  Pylon  
  56  4:31  Probe  
  56  4:36  Probe  
  57  4:40  Oracle  
  57  4:43  Probe  
  61  4:46  Forge, Twilight Council  
  61  4:48  Probe  
  62  4:52  Adept  
  62  4:55  Probe  
  65  5:00  Probe  
  66  5:07  Probe  
  66  5:09  Gateway  
  66  5:12  Probe  
  68  5:19  Blink (Chrono Boost), Probe  
  68  5:20  Protoss Ground Weapons Level 1  
  69  5:24  Shield Battery, Probe  
  70  5:34  Probe (Chrono Boost)  
  71  5:36  Probe (Chrono Boost)  
  71  5:38  Sentry  
  71  5:42  Stalker, Probe (Chrono Boost)  
  74  5:46  Probe (Chrono Boost)  
  74  5:47  Gateway  
  74  5:48  Probe (Chrono Boost)  
  77  5:50  Gateway, Probe (Chrono Boost)  
  77  5:51  Probe (Chrono Boost)  
  77  5:52  Photon Cannon  
  77  5:56  Probe  
  79  6:00  Probe  
  79  6:02  Gateway  
  79  6:03  Probe  
  81  6:07  Stalker  
  81  6:08  Probe  
  81  6:09  Assimilator, Sentry  
  81  6:10  Assimilator  
  86  6:11  Stalker  
  86  6:13  Probe  
  86  6:15  Probe  
  86  6:16  Shield Battery  
  90  6:20  Probe  
  90  6:25  Robotics Facility, Probe  
  92  6:27  Probe  
  93  6:33  Pylon  
  93  6:40  Gateway  
  93  6:41  Gateway  
  93  6:42  Pylon  
  93  6:53  Stalker x4, Pylon  
  101  6:59  Gateway  
  101  7:00  Stalker  
  101  7:01  Pylon  
  103  7:04  Pylon  
  103  7:05  Stalker  
  106  7:17  Observer  
  106  7:18  Robotics Facility, Robotics Bay  
  106  7:26  Stalker x2  
  106  7:27  Stalker x3  
  116  7:31  Probe x2  
  116  7:32  Probe  
  116  7:33  Protoss Ground Weapons Level 2 (Chrono Boost)  
  119  7:38  Warp Prism (Chrono Boost)  
  119  7:42  Pylon  
  119  7:44  Pylon  
  121  7:46  Shield Battery  
  121  7:54  Stalker, Sentry  
  124  8:02  Colossus (Chrono Boost)  
  124  8:07  Colossus (Chrono Boost)  
  124  8:12  Zealot x2  
  139  8:15  Extended Thermal Lance  
  139  8:18  Pylon  
  139  8:19  Pylon, Photon Cannon  
  139  8:21  Shield Battery  
  139  8:22  Photon Cannon  
  139  8:24  Shield Battery  
  139  8:26  Observer  
  139  8:33  Observer  
  139  8:43  Colossus (Chrono Boost)  
  139  8:46  Colossus (Chrono Boost)  
  139  8:47  Sentry, Nexus, Stalker  
  139  8:48  Stalker  
  157  9:00  Pylon  
  157  9:01  Pylon x2  
  157  9:03  Pylon  
  157  9:04  Pylon  
  157  9:14  Pylon  
  157  9:22  Stalker x3, Sentry x3  
  157  9:23  Stalker x2  
  173  9:26  Pylon  
  173  9:35  Stalker  
  175  9:45  Stalker x5  
  179  9:48  Stalker x3  
  191  9:57  Disruptor  
  171  10:12  Stalker x6  
  171  10:13  Stalker  
  157  10:18  Stalker  
  154  10:22  Observer  
  154  10:24  Immortal  
  139  10:28  Observer  
  139  10:33  Stalker  
  137  10:36  Zealot  
  137  10:41  Sentry  
  137  10:42  Zealot x5  
  136  10:50  Immortal  
  136  10:55  Stalker  
  133  10:57  Sentry  
  133  10:58  Sentry  
  121  11:11  Stalker x4  
  121  11:17  Stalker x2  
Tags
 
Add a new tag
Caveats
  • Supply blocks, unpowered buildings, or Contaminate may cause inaccurate times.
  • Supply counts are checked every 10 seconds.